cohdb
Replays
Latest Replays
All Replays
Popular Replays
Top Player Replays
Match Explorer
How It Works
Community
CoH3 Stats
Reddit
Sign in to upload your games and track your stats! →
Sign in with Steam
Match 41811144
Unlisted
Match 41811144
Overview
Messages
Build Orders
End
Royal Engineer Section
Construct Section Command Post
Dingo Light Scout Car
Infantry Section
Vickers Machine Gun Team
Infantry Section
Infantry Section
Construct Platoon Command Post
Selects Canadian Shock Battlegroup
Selects Offensive Resupply
Selects Canadian Shock Section
Unlock M3 Stuart Light Tanks
M3 Stuart Light Tank
M3 Stuart Light Tank
Canadian Shock Section
Selects Burnout
Selects Pyrotechnics
6-pounder Anti-tank Gun Team
Construct Company Command Post
Matilda II Heavy Tank
Vickers Machine Gun Team
Tok3n x Operator
MonoChrome
zqian
한국사람
0
0
Comments
sign in to comment!
No comments posted yet!